 Dungeon Crawl Stone Soup version 0.19.5 (webtiles) character file.

172041 Monsterracer the Warrior (level 18, 0/213 HPs)
             Began as an Ogre Gladiator on Sept 16, 2017.
             Was the Champion of Okawaru.
             Succumbed to a redback's poison
             ... on level 4 of the Spider Nest on Sept 17, 2017.
             The game lasted 01:24:43 (47845 turns).

Monsterracer the Warrior (Ogre Gladiator)          Turns: 47845, Time: 01:24:43

Health: 0/213      AC:  4    Str: 28    XL:     18   Next: 2%
Magic:  1/34       EV: 11    Int: 11    God:    Okawaru [******]
Gold:   1707       SH: 20    Dex:  5    Spells: 6 memorised, 4 levels left

rFire  x . .     SeeInvis .     a - +4 flail (crush)
rCold  + + .     Gourm    .     X - quicksilver dragon scales of Xekeyc {rElec MR+ MP+9 Str-3 Dex-5}
rNeg   + + +     Faith    .     J - +6 shield of Disappointment {rC+ rN+ MR+}
rPois  +         Spirit   +     U - +2 hat of the Bear Spirit {Spirit, +Rage rN+ MR++}
rElec  +         Reflect  +     j - +2 cloak {MR+}
rCorr  .         Harm     .     (gloves unavailable)
MR     +++++                    (boots unavailable)
Stlth  +.........               M - +3 amulet of reflection
                                r - ring "Gaanuegg" {+Blink rElec rPois rN+}
                                G - ring "Ysmatz" {Ice *Contam rElec Int+4 Stlth+}

@: lethally poisoned (0 -> -20), corroded
A: unfitting armour, claws 1, icy blue scales 1, tough skin 1, MP-powered wands,
sturdy frame 1
a: Heroism, Finesse, Renounce Religion, Evoke Blink, Evoke Berserk Rage


You were on level 4 of the Spider Nest.
You worshipped Okawaru.
Okawaru was exalted by your worship.
You were hungry.

You visited 4 branches of the dungeon, and saw 27 of its levels.
You visited the Abyss 1 time.
You also visited: Labyrinth and Ossuary.

You collected 3151 gold pieces.
You spent 1444 gold pieces at shops.

Inventory:

Hand Weapons
 a - a +4 flail of crushing (weapon)
 b - a +0 eveningstar
 f - the +5 morningstar "Xecw" {antimagic, rElec rF+}
   (Okawaru gifted it to you on level 6 of the Lair of Beasts)

   It reduces the magical energy of the wielder, and disrupts the spells and
   magical abilities of those hit.
   Natural abilities and divine invocations are not affected.
   It protects you from fire.
   It insulates you from electricity.
 V - a +1 giant spiked club of flaming
Missiles
 d - a throwing net {!f}
 w - 3 steel javelins
 A - 2 large rocks (quivered)
Armour
 j - a +2 cloak of magic resistance (worn)
 J - the +6 shield of Disappointment (worn) {rC+ rN+ MR+}
   (You found it on level 2 of the Lair of Beasts)

   It protects you from cold.
   It protects you from negative energy.
   It affects your resistance to hostile enchantments.
 U - the +2 hat of the Bear Spirit (worn) {Spirit, +Rage rN+ MR++}
   (You bought it in a shop on level 2 of the Orcish Mines)

   It protects you from negative energy.
   It affects your resistance to hostile enchantments.
   It lets you go berserk.
 X - the quicksilver dragon scales of Xekeyc (worn) {rElec MR+ MP+9 Str-3 Dex-5}
   (Okawaru gifted it to you on level 6 of the Lair of Beasts)

   It affects your strength (-3).
   It affects your dexterity (-5).
   It insulates you from electricity.
   It affects your resistance to hostile enchantments.
   It affects your magic capacity (+9).
Jewellery
 r - the ring "Gaanuegg" (right claw) {+Blink rElec rPois rN+}
   (You bought it in a shop on level 2 of the Orcish Mines)

   [ring of positive energy]

   It insulates you from electricity.
   It protects you from poison.
   It protects you from negative energy.
   It lets you blink.
 G - the ring "Ysmatz" (left claw) {Ice *Contam rElec Int+4 Stlth+}
   (You found it on level 2 of the Lair of Beasts)

   [ring of ice]

   It enhances your ice magic.
   It affects your intelligence (+4).
   It makes you vulnerable to fire.
   It protects you from cold.
   It insulates you from electricity.
   It causes magical contamination when unequipped.
   It makes you more stealthy.
 M - a +3 amulet of reflection (around neck)
 T - an uncursed ring of fire
Wands
 y - a wand of heal wounds (3/9)
 Q - a wand of hasting (3/9)
 R - a wand of heal wounds (3/9)
 W - a wand of acid (7/15)
 Y - a wand of acid (10/15)
Scrolls
 e - 13 scrolls of remove curse
 i - a scroll of fear
 m - 5 scrolls of enchant armour
 v - 3 scrolls of recharging
 x - 7 scrolls of magic mapping
 D - 4 scrolls of enchant weapon
 H - 3 scrolls of fog
 I - 2 scrolls of blinking
Potions
 c - a potion of cancellation
 g - 13 potions of curing
 k - 3 potions of berserk rage
 l - 2 potions of haste
 n - 4 potions of flight
 o - 8 potions of mutation
 p - 4 potions of heal wounds
 s - a potion of cure mutation
 B - 2 potions of might
 C - 2 potions of resistance
 F - 2 potions of invisibility
 N - a potion of magic
 O - a potion of ambrosia
 P - 3 potions of agility
Comestibles
 h - 13 meat rations
 z - 11 bread rations
 K - 10 royal jellies
 L - 5 fruits


   Skills:
 * Level 20.6 Fighting
 - Level 17.5 Maces & Flails
 * Level 14.1 Throwing
 + Level 7.8 Armour
 - Level 7.8 Dodging
 - Level 1.0 Stealth
 - Level 10.0 Shields
 - Level 9.9 Invocations
 - Level 3.0 Evocations


You had 4 spell levels left.
You knew the following spells:

 Your Spells              Type           Power        Failure   Level  Hunger
a - Summon Butterflies    Summ           #.......     38%         1    ##.....
b - Lesser Beckoning      Tloc           #.........   94%         3    ####...
c - Passage of Golubria   Tloc           N/A          100%        4    #####..
d - Swiftness             Chrm/Air       #.......     65%         2    ###....
e - Passwall              Tmut/Erth      #.........   65%         2    ###....
z - Apportation           Tloc           #.........   38%         1    ##.....


Dungeon Overview and Level Annotations

Branches:
Dungeon (15/15)            Temple (0/1) D:4            Lair (6/6) D:9
 Shoals (0/4) Lair:3       Spider (4/4) Lair:4        Slime (0/5) Lair:5
    Orc (2/2) D:9             Elf (0/3) Orc:2        Vaults (0/5) D:14
 Depths (0/5) D:15

Altars:
Cheibriados
Dithmenos
Makhleb
Nemelex Xobeh
Okawaru
Qazlal
Vehumet
Xom
Yredelemnul
Beogh
Jiyva

Shops:
D:12 %   Orc:2 :*[[*

Portals:
Hell: Lair:6
Trove: D:11 (give +3 shadow dragon scales)


Innate Abilities, Weirdness & Mutations

You are too large for most types of armour.
You have tough skin. (AC +1)
You have sharp fingernails.
You are partially covered in icy blue scales. (AC +2)
You expend magic power (3 MP) to strengthen your wands.
Your movements are slightly less encumbered by armour. (ER -2)


Message History

You block the redback's attack. x3; The redback bites you!
* * * LOW MAGIC WARNING * * *
* * * LOW HITPOINT WARNING * * *
You are lethally poisoned!
The redback poisons you!
Unknown command.
* * * LOW HITPOINT WARNING * * *
You feel very sick.
Huge Dmg: -2%(-3hp) hp: 3%(6hp)
* * * LOW HITPOINT WARNING * * *
You feel very sick. You block the redback's attack. x3
Huge Dmg: -1%(-2hp) hp: 2%(4hp)
* * * LOW HITPOINT WARNING * * *
You feel very sick. The redback completely misses you.
The redback barely misses you.
Huge Dmg: -1%(-3hp) hp: 1%(1hp)
You thump the redback!
The redback is severely wounded.
You die...

#### #### ###^s## ##
#...#####.#...# #.
####...##....@..## ######. ###.##
#.......ss..#######..#.#.
##....###...........##..##..s.^..
#............^..^.(.^........s..s
...........^..####.(#.....^......
.......^#...### ##.(.......#.....
.........#### #.^[.......##^...
.^.#....## ###.......####.^#
#####..## ##.....## ####


You could see an orb spider and 2 redbacks.

Vanquished Creatures
  Arachne (Spider:4)
  Kirke (Spider:1)
  2 ghost moths
  The ghost of tidbits the Carver, an adept HEWn of Okawaru (Spider:3)
  2 orc warlords
  The ghost of ReniFell the Fencer, a journeyman MiBe of Trog (Lair:6)
  2 emperor scorpions
  Louise (Spider:2)
  5 entropy weavers
  A very ugly thing (D:15)
  Azrael (D:13)
  A spark wasp (Spider:3)
  Nessos (D:14)
  5 dire elephants
  Snorg (D:13)
  A minotaur (Lab)
  11 hydras
  The ghost of Monsterracer the Destroyer, a journeyman HECj of Vehumet (Lair:1)
  4 centaur warriors
  3 orc high priests (Orc:2)
  3 death yaks (Lair:6)
  A tengu warrior (D:15)
  A thrashing horror (Spider:3)
  Sonja (D:13)
  Nergalle (Orc:1)
  The ghost of StormFighter the Grappler, a novice DrTm of Cheibriados (D:7)
  A sixfirhy (Lair:6)
  3 unseen horrors
  7 hill giants
  2 wizards
  A wolf spider zombie (D:15)
  A necromancer (D:14)
  A harpy (shapeshifter) (D:15)
  An orb spider (shapeshifter) (D:13)
  5 orc knights
  2 deep elf magi (D:14)
  14 orb spiders
  29 wolf spiders
  An oklob plant (Lair:2)
  7 ugly things
  6 orc sorcerers
  2 manticores (D:14)
  21 elephants
  A siren (Lair:3)
  2 cyclopes
  Psyche (D:9)
  Maurice (D:9)
  4 molten gargoyles (D:10)
  Joseph (D:8)
  5 black mambas
  5 orange demons (Lair:6)
  3 torpor snails
  3 gargoyles
  14 spiny frogs
  A spiny frog (shapeshifter) (D:15)
  A smoke demon (Lair:6)
  3 rime drakes
  2 kobold demonologists (D:15)
  A hellwing (Lair:6)
  12 demonic crawlers
  A freezing wraith (D:15)
  An ancient zyme (Spider:3)
  14 komodo dragons
  2 red devils (Lair:6)
  3 tengu conjurers
  2 ice devils (Lair:6)
  4 two-headed ogres
  A merfolk (Lair:3)
  6 trolls
  3 polar bears
  40 jumping spiders
  4 hornets
  A two-headed ogre (shapeshifter) (D:14)
  4 blink frogs (Lair:1)
  11 dream sheep (Lair:6)
  2 slime creatures (D:15)
  6 hippogriffs
  A shadow (D:15)
  78 redbacks
  A spriggan (Lair:2)
  A water elemental (D:13)
  46 yaks
  28 tarantellas
  A human (Spider:1)
  6 wyverns
  5 hungry ghosts
  4 basilisks
  6 vampire mosquitoes
  2 soldier ants (D:13)
  2 wargs
  12 water moccasins
  7 porcupines
  6 hell hounds
  Duvessa (D:7)
  A hornet zombie (D:15)
  5 ice beasts
  30 orc warriors
  5 sky beasts
  9 ogres
  A necrophage (D:12)
  3 black bears
  3 eyes of draining
  15 wolves
  4 phantoms
  15 centaurs
  The ghost of Bacchus the Chiller, an amateur DsIE (D:5)
  14 crocodiles
  3 big kobolds
  19 bullfrogs
  Blork the orc (D:4)
  Dowan (D:7)
  2 wyvern skeletons
  4 scorpions
  6 killer bees (D:11)
  A troll zombie (D:9)
  9 wights
  6 electric eels
  3 howler monkeys
  A lava snake (D:15)
  3 centaur zombies
  7 crimson imps
  A bullfrog zombie (D:11)
  2 bullfrog skeletons
  4 hounds
  18 orc priests
  4 jellies
  4 centaur skeletons
  4 gnoll shamans
  A human zombie (Ossuary)
  Crazy Yiuf (D:4)
  29 orc wizards
  7 iguanas
  13 worker ants
  A big kobold zombie (Ossuary)
  10 ogre zombies
  2 hound skeletons
  7 mummies (Ossuary)
  4 worker ant zombies
  19 gnolls
  10 adders
  3 shadow imps
  A worm (D:3)
  2 adder skeletons
  7 adder zombies
  6 dart slugs
  3 leopard geckos
  111 orcs
  6 giant cockroaches
  7 goblins
  8 hobgoblins
  7 jackals
  21 kobolds
  11 quokkas
  10 bats
  A frilled lizard (D:2)
  A gnoll zombie (Ossuary)
  11 goblin zombies
  2 hobgoblin zombies (Ossuary)
  A kobold zombie (Ossuary)
  4 orc skeletons (D:9)
  17 orc zombies
  3 quokka zombies (Ossuary)
  10 rats
  4 rat zombies (Ossuary)
  2 fungi
1102 creatures vanquished.

Vanquished Creatures (others)
  An unseen horror (D:15)
  5 dream sheep (D:7)
  A redback (Spider:1)
  6 humans (Spider:1)
  5 centaurs
  An orc (Orc:2)
  56 fungi
  10 plants
85 creatures vanquished.

Grand Total: 1187 creatures vanquished

Notes
Turn   | Place    | Note
-------+----------+-------------------------------------------
     0 | D:1      | Monsterracer the Ogre Gladiator began the quest for the Orb.
     0 | D:1      | Reached XP level 1. HP: 22/22 MP: 1/1
    66 | D:1      | HP: 11/22 [kobold/whip (3)]
    70 | D:1      | Reached skill level 3 in Fighting
    70 | D:1      | Reached XP level 2. HP: 16/31 MP: 2/2
  1045 | D:2      | Reached XP level 3. HP: 33/37 MP: 3/3
  1257 | D:2      | Found a snail-covered altar of Cheibriados.
  1279 | D:2      | Reached skill level 5 in Maces & Flails
  1533 | D:2      | Reached XP level 4. HP: 46/46 MP: 4/4
  2154 | D:3      | Reached skill level 4 in Fighting
  2856 | D:3      | Reached XP level 5. HP: 46/55 MP: 5/5
  3155 | D:4      | HP: 27/55 [poisoned by a worker ant]
  3160 | D:4      | HP: 25/55 [poisoned by a worker ant]
  3165 | D:4      | HP: 23/55 [poisoned by a worker ant]
  3168 | D:4      | Found an iron altar of Okawaru.
  3170 | D:4      | HP: 21/55 [poisoned by a worker ant]
  3176 | D:4      | Became a worshipper of Warmaster Okawaru
  3177 | D:4      | HP: 21/55 [poisoned by a worker ant]
  3185 | D:4      | HP: 20/55 [poisoned by a worker ant]
  3403 | D:4      | Noticed Blork the orc
  3422 | D:4      | Reached skill level 5 in Fighting
  3426 | D:4      | HP: 26/57 [Blork the orc/hand axe (9)]
  3431 | D:4      | HP: 15/57 [Blork the orc/puff of frost (6)]
  3436 | D:4      | HP: 3/57 [Blork the orc/magic dart (7)]
  3441 | D:4      | HP: 14/57 [Blork the orc/puff of flame (7)]
  3442 | D:4      | Killed Blork the orc
  3442 | D:4      | Reached XP level 6. HP: 16/66 MP: 6/6
  3719 | D:4      | Reached skill level 1 in Invocations
  3875 | D:4      | Reached skill level 6 in Fighting
  4062 | D:4      | Found a staircase to the Ecumenical Temple.
  4125 | D:4      | Noticed an orc warrior
  4131 | D:4      | Reached * piety under Okawaru
  4131 | D:4      | Reached XP level 7. HP: 75/75 MP: 8/8
  4853 | D:4      | Found a runed door.
  4857 | D:4      | Noticed Crazy Yiuf
  4863 | D:4      | Paralysed by Crazy Yiuf for 6 turns
  4874 | D:4      | Killed Crazy Yiuf
  5083 | D:5      | Entered Level 5 of the Dungeon
  5206 | D:5      | Reached skill level 7 in Fighting
  5268 | D:5      | Found a basalt altar of Yredelemnul.
  5498 | D:5      | Noticed Bacchus's ghost (amateur DsIE)
  5512 | D:5      | Killed Bacchus's ghost
  5512 | D:5      | Reached XP level 8. HP: 61/87 MP: 8/10
  6026 | D:5      | Reached ** piety under Okawaru
  6163 | D:6      | HP: 42/88 [gnoll (3)]
  6172 | D:6      | HP: 21/88 [gnoll/spear (9)]
  6178 | D:6      | HP: 9/88 [gnoll (6)]
  6655 | D:6      | Found a sand-covered staircase.
  6668 | Ossuary  | Entered an ossuary
  6849 | Ossuary  | Reached skill level 8 in Fighting
  7541 | D:6      | Reached skill level 5 in Throwing
  7541 | D:6      | Reached XP level 9. HP: 52/96 MP: 5/12
  7780 | D:6      | Reached *** piety under Okawaru
  8010 | D:6      | Reached skill level 10 in Maces & Flails
  8609 | D:7      | Got a fine war axe
  8610 | D:7      | Identified the +4 war axe of Wrath {chop, rC+ Str+4} (You found it on level 7 of the Dungeon)
  8783 | D:7      | Noticed Duvessa
  8788 | D:7      | Noticed Dowan
  8795 | D:7      | Killed Duvessa
  8795 | D:7      | Reached skill level 5 in Invocations
  8798 | D:7      | Killed Dowan
  8867 | D:7      | Noticed StormFighter's ghost (novice DrTm)
  8881 | D:7      | HP: 43/97 [StormFighter's ghost/bolt of negative energy (11)]
  8883 | D:7      | Killed StormFighter's ghost
  8883 | D:7      | Received a gift from Okawaru
  8883 | D:7      | Reached skill level 9 in Fighting
  9579 | D:7      | Found a shimmering altar of Xom.
 10022 | D:8      | Reached XP level 10. HP: 83/107 MP: 11/14
 10208 | D:8      | Noticed a hill giant
 10215 | D:8      | Killed a hill giant
 10879 | D:8      | Found a stormy altar of Qazlal.
 10904 | D:8      | Found a shadowy altar of Dithmenos.
 10915 | D:8      | HP: 54/109 [wight/enchanted spear (4)]
 11240 | D:8      | Reached **** piety under Okawaru
 11267 | D:8      | Noticed Joseph
 11278 | D:8      | HP: 53/110 [Joseph/uncursed quarterstaff (4)]
 11283 | D:8      | HP: 35/110 [Joseph/uncursed quarterstaff (9)]
 11285 | D:8      | Killed Joseph
 11775 | D:9      | Noticed Psyche
 11793 | D:9      | Killed Psyche
 11793 | D:9      | Reached skill level 10 in Fighting
 12118 | D:9      | Noticed a hill giant
 12119 | D:9      | Found a staircase to the Orcish Mines.
 12137 | D:9      | Killed a hill giant
 12137 | D:9      | Reached ***** piety under Okawaru
 12137 | D:9      | Reached skill level 5 in Dodging
 12267 | D:9      | Found a sparkling altar of Nemelex Xobeh.
 12275 | D:9      | HP: 51/111 [troll zombie (5)]
 12593 | D:9      | Reached XP level 11. HP: 119/119 MP: 16/16
 12633 | D:9      | Gained mutation: You expend magic power (3 MP) to strengthen your wands. [mutagenic meat]
 12634 | D:9      | Gained mutation: You are frail. (-10% HP) [mutagenic meat]
 12635 | D:9      | Gained mutation: You are partially covered in icy blue scales. (AC +2) [potion of mutation]
 12635 | D:9      | Lost mutation: You are frail. (-10% HP) [potion of mutation]
 12635 | D:9      | Gained mutation: Your movements are slightly less encumbered by armour. (ER -2) [potion of mutation]
 12872 | D:9      | Noticed Maurice
 12888 | D:9      | Killed Maurice
 12914 | D:9      | Found a staircase to the Lair.
 13148 | D:10     | Entered Level 10 of the Dungeon
 13196 | D:9      | HP: 53/119 [something (7)]
 13202 | D:9      | HP: 36/119 [something (5)]
 13207 | D:9      | Killed an unseen horror
 13607 | D:10     | Noticed a hill giant
 13614 | D:10     | Killed a hill giant
 13637 | D:10     | HP: 59/119 [troll (3)]
 13645 | D:10     | HP: 51/119 [centaur/arrow (7)]
 13684 | D:10     | HP: 47/119 [centaur (3)]
 13840 | D:10     | HP: 40/119 [molten gargoyle/bolt of magma (21)]
 13975 | D:10     | Reached skill level 11 in Fighting
 14202 | D:10     | Received a gift from Okawaru
 14919 | Lair:1   | Entered Level 1 of the Lair of Beasts
 14930 | D:9      | HP: 58/120 [spiny frog (11)]
 14934 | D:9      | HP: 27/120 [yak (10)]
 15081 | Lair:1   | Noticed an eight-headed hydra
 15090 | Lair:1   | HP: 60/120 [six-headed hydra (7)]
 15090 | Lair:1   | HP: 25/120 [six-headed hydra (7)]
 15096 | Lair:1   | HP: 20/120 [five-headed hydra (10)]
 15101 | Lair:1   | HP: 6/120 [blink frog (9)]
 15275 | Lair:1   | HP: 56/120 [five-headed hydra (11)]
 15280 | Lair:1   | HP: 52/120 [five-headed hydra (7)]
 15386 | Lair:1   | HP: 49/120 [two-headed hydra (13)]
 15388 | Lair:1   | Killed a one-headed hydra
 15388 | Lair:1   | Reached XP level 12. HP: 37/130 MP: 6/18
 15395 | Lair:1   | HP: 34/130 [yak (9)]
 15399 | Lair:1   | HP: 13/130 [yak (10)]
 15591 | Lair:1   | Noticed Monsterracer's ghost (journeyman HECj)
 15608 | Lair:1   | Killed Monsterracer's ghost
 15608 | Lair:1   | Received a gift from Okawaru
 15817 | Lair:1   | Reached skill level 15 in Maces & Flails
 16241 | Lair:2   | Found a shimmering altar of Xom.
 16300 | Lair:2   | Reached skill level 1 in Armour
 16302 | Lair:2   | HP: 63/132 [elephant (14)]
 16317 | Lair:2   | HP: 58/132 [acid (12)]
 16320 | Lair:2   | HP: 20/132 [komodo dragon (17)]
 16520 | Lair:2   | Received a gift from Okawaru
 16520 | Lair:2   | Reached skill level 12 in Fighting
 16654 | Lair:2   | Got a twitching iron ring
 16691 | Lair:2   | Identified the ring "Ysmatz" {Ice *Contam rElec Int+4 Stlth+} (You found it on level 2 of the Lair of Beasts)
 16813 | Lair:2   | HP: 62/132 [elephant (12)]
 16819 | Lair:2   | HP: 48/132 [poisoned by a water moccasin]
 16827 | Lair:2   | HP: 52/132 [poisoned by a water moccasin]
 17075 | Lair:2   | Noticed a dire elephant
 17075 | Lair:2   | Reached XP level 13. HP: 126/141 MP: 17/20
 17082 | Lair:2   | Killed a dire elephant
 17234 | Lair:2   | Received a gift from Okawaru
 17271 | Lair:2   | Got a slimy shield
 17278 | Lair:2   | Identified the +6 shield of Disappointment {rC+ rN+ MR+} (You found it on level 2 of the Lair of Beasts)
 17441 | D:9      | Reached skill level 1 in Shields
 17567 | Lair:2   | Reached ****** piety under Okawaru
 17640 | Lair:2   | HP: 70/141 [elephant (12)]
 18230 | Lair:3   | Got a sheer robe
 18241 | Lair:3   | Identified the +4 robe of New Discoveries {rElec Int+3} (You found it on level 3 of the Lair of Beasts)
 18425 | Lair:3   | Reached skill level 5 in Shields
 18887 | Lair:3   | HP: 70/141 [poisoned by a black mamba]
 18892 | Lair:3   | HP: 60/141 [poisoned by a black mamba]
 18897 | Lair:3   | HP: 55/141 [poisoned by a black mamba]
 18902 | Lair:3   | HP: 52/141 [poisoned by a black mamba]
 18907 | Lair:3   | HP: 49/141 [poisoned by a black mamba]
 18913 | Lair:3   | HP: 48/141 [poisoned by a black mamba]
 18919 | Lair:3   | HP: 48/141 [poisoned by a black mamba]
 18927 | Lair:3   | HP: 49/141 [poisoned by a black mamba]
 19284 | Lair:3   | Found a staircase to the Shoals.
 19583 | Lair:4   | Found a labyrinth entrance.
 19595 | Lab      | Entered a labyrinth
 19794 | Lab      | Noticed a minotaur
 19805 | Lab      | Killed a minotaur
 19833 | Lair:4   | Learned a level 1 spell: Summon Butterflies
 19835 | Lair:4   | Learned a level 1 spell: Apportation
 19839 | Lair:4   | Learned a level 3 spell: Lesser Beckoning
 19846 | Lair:4   | Learned a level 4 spell: Passage of Golubria
 19849 | Lair:4   | Learned a level 2 spell: Swiftness
 19982 | Lair:4   | Found a hole to the Spider Nest.
 20344 | Lair:4   | Received a gift from Okawaru
 20354 | Lair:4   | HP: 66/141 [yak[a torpor snail] (11)]
 20357 | Lair:4   | HP: 23/141 [torpor snail (11)]
 20366 | Lair:4   | HP: 13/141 [yak[a torpor snail] (4)]
 20374 | Lair:4   | Got a scorched dire flail {god gift}
 20386 | Lair:4   | Identified the +1 dire flail "Gugen" {flame, rF+ Str+3 Dex+4} (Okawaru gifted it to you on level 4 of the Lair of Beasts)
 20627 | Lair:4   | HP: 69/141 [three-headed hydra (7)]
 20685 | Lair:4   | Reached skill level 13 in Fighting
 21161 | Lair:5   | Found a viscous altar of Jiyva.
 21162 | Lair:5   | Found a staircase to the Slime Pits.
 21702 | Lair:5   | Gained mutation: You have sharp fingernails. [potion of beneficial mutation]
 22076 | Lair:6   | Entered Level 6 of the Lair of Beasts
 22082 | Lair:6   | Reached XP level 14. HP: 153/153 MP: 21/21
 22100 | Lair:6   | Learned a level 2 spell: Passwall
 22107 | Lair:6   | Noticed ReniFell's ghost (journeyman MiBe)
 22121 | Lair:6   | HP: 68/153 [ReniFell's ghost (17)]
 22161 | Lair:6   | Killed ReniFell's ghost
 22440 | Lair:6   | Received a gift from Okawaru
 22440 | Lair:6   | Reached skill level 10 in Throwing
 22450 | Lair:6   | Got ichor-stained quicksilver dragon scales {god gift}
 22461 | Lair:6   | Identified the quicksilver dragon scales of Xekeyc {rElec MR+ MP+9 Str-3 Dex-5} (Okawaru gifted it to you on level 6 of the Lair of Beasts)
 22573 | Lair:6   | Reached skill level 14 in Fighting
 22696 | Lair:6   | Noticed a dire elephant
 22716 | Lair:6   | Killed a dire elephant
 22870 | Lair:6   | Noticed a dire elephant
 22882 | Lair:6   | Killed a dire elephant
 23148 | Lair:6   | Noticed a dire elephant
 23169 | Lair:6   | Killed a dire elephant
 23336 | Lair:6   | Found a burning altar of Makhleb.
 23426 | Lair:6   | HP: 78/157 [ice devil (5)]
 23431 | Lair:6   | HP: 73/157 [poisoned by an orange demon]
 23434 | Lair:6   | Reached skill level 15 in Fighting
 23436 | Lair:6   | HP: 66/159 [poisoned by an orange demon]
 23441 | Lair:6   | HP: 59/159 [poisoned by an orange demon]
 23446 | Lair:6   | HP: 55/159 [poisoned by an orange demon]
 23451 | Lair:6   | HP: 53/159 [poisoned by an orange demon]
 23457 | Lair:6   | HP: 51/159 [poisoned by an orange demon]
 23462 | Lair:6   | HP: 51/159 [poisoned by an orange demon]
 23469 | Lair:6   | HP: 52/159 [poisoned by an orange demon]
 23477 | Lair:6   | HP: 52/159 [poisoned by an orange demon]
 23920 | Lair:6   | Received a gift from Okawaru
 24034 | Lair:6   | Received a gift from Okawaru
 24039 | Lair:6   | Got a crystal morningstar {god gift}
 24040 | Lair:6   | Identified the +5 morningstar "Xecw" {antimagic, rElec rF+} (Okawaru gifted it to you on level 6 of the Lair of Beasts)
 24922 | Lair:6   | Found a gateway to Hell.
 24930 | Lair:6   | Got a crude tin amulet
 24932 | Lair:6   | Identified the amulet "Idewabar" {Harm *Drain rF+ Int+4 Dex-5} (You found it on level 6 of the Lair of Beasts)
 25186 | Orc:1    | Entered Level 1 of the Orcish Mines
 25768 | Orc:2    | Entered Level 2 of the Orcish Mines
 25770 | Orc:2    | Found a staircase to the Elven Halls.
 25788 | Orc:2    | Noticed an orc warlord
 26082 | Orc:2    | Found a roughly hewn altar of Beogh.
 26095 | Orc:2    | Noticed an orc warlord
 26582 | Orc:1    | Killed an orc warlord
 26582 | Orc:1    | Reached XP level 15. HP: 150/169 MP: 9/22
 26597 | Orc:2    | Reached skill level 16 in Fighting
 26728 | Orc:2    | Reached skill level 5 in Armour
 26736 | Orc:2    | Killed an orc warlord
 26835 | Orc:2    | Received a gift from Okawaru
 26979 | Orc:2    | HP: 84/171 [sixfirhy[an orc high priest] (3)]
 26998 | Orc:2    | Found Aleu's Book Boutique.
 26998 | Orc:2    | Found Lutit's Antique Armour Emporium.
 27288 | Orc:2    | Found Vyodiush's Assorted Antiques.
 27288 | Orc:2    | Found Pocil's Armour Emporium.
 27296 | Orc:2    | Bought a coiled silver ring for 135 gold pieces
 27297 | Orc:2    | Identified the ring "Gaanuegg" {+Blink rElec rPois rN+} (You bought it in a shop on level 2 of the Orcish Mines)
 27304 | Orc:2    | Bought the +2 hat of the Bear Spirit {Spirit, +Rage rN+ MR++} for 1173 gold pieces
 27523 | Orc:2    | Found Ahaqanes's General Store.
 27538 | Orc:2    | Bought a scroll of teleportation for 39 gold pieces
 27538 | Orc:2    | Bought a scroll of blinking for 97 gold pieces
 27711 | Orc:1    | Noticed Nergalle
 27718 | Orc:1    | Killed Nergalle
 28259 | D:11     | Received a gift from Okawaru
 28584 | D:11     | Found a portal to a secret trove of treasure.
 28975 | D:12     | Received a gift from Okawaru
 29323 | D:12     | Reached skill level 17 in Fighting
 29677 | D:12     | Found Ditulig's Food Shoppe.
 29813 | D:13     | Noticed Snorg
 29826 | D:13     | Killed Snorg
 30030 | D:13     | Found a radiant altar of Vehumet.
 30056 | D:13     | Received a gift from Okawaru
 30319 | D:13     | Noticed Sonja
 30341 | D:13     | Killed Sonja
 30413 | D:13     | Received a gift from Okawaru
 30862 | D:13     | Noticed Azrael
 30879 | D:13     | Killed Azrael
 30904 | D:13     | HP: 85/174 [drowned by a water elemental (5)]
 31377 | D:14     | Received a gift from Okawaru
 31904 | D:14     | Reached XP level 16. HP: 184/184 MP: 10/23
 31927 | D:14     | Noticed Nessos
 31940 | D:14     | Killed Nessos
 32252 | D:14     | Received a gift from Okawaru
 32273 | D:14     | Got a scorched lajatang {god gift}
 32366 | D:14     | Found a gate to the Vaults.
 32483 | D:15     | Entered Level 15 of the Dungeon
 32550 | D:15     | Reached skill level 10 in Shields
 32602 | D:15     | Reached skill level 18 in Fighting
 33132 | D:15     | Found a staircase to the Depths.
 33142 | D:15     | Received a gift from Okawaru
 33163 | D:15     | HP: 90/185 [seven-headed hydra (7)]
 33169 | D:15     | HP: 75/185 [seven-headed hydra (1)]
 33185 | D:15     | Identified the +3 lajatang of Destiny {flame, rPois} (Okawaru gifted it to you on level 14 of the Dungeon)
 34510 | D:15     | Reached skill level 1 in Stealth
 34893 | Spider:1 | Entered Level 1 of the Spider Nest
 34974 | Spider:1 | Received a gift from Okawaru
 35243 | Spider:1 | Reached skill level 1 in Evocations
 35478 | Spider:1 | Noticed Kirke
 35490 | Spider:1 | Killed Kirke
 36076 | Spider:1 | HP: 94/188 [torpor snail (11)]
 36081 | Spider:1 | HP: 44/188 [torpor snail (8)]
 36084 | Spider:1 | HP: 10/188 [torpor snail (14)]
 36093 | Spider:1 | HP: 25/188 [human (5)]
 36098 | Spider:1 | HP: 19/188 [tarantella[a torpor snail] (1)]
 36104 | Spider:1 | HP: 28/188 [tarantella[a torpor snail] (1)]
 36110 | Spider:1 | HP: 50/188 [tarantella[a torpor snail] (1)]
 36203 | Spider:1 | HP: 80/188 [something (3)]
 36208 | Spider:1 | HP: 52/188 [something (5)]
 36213 | Spider:1 | HP: 52/188 [something (2)]
 36542 | Spider:1 | HP: 91/188 [wolf spider (4)]
 36798 | Spider:1 | HP: 94/188 [poisoned by a redback]
 36803 | Spider:1 | HP: 86/188 [poisoned by a redback]
 36808 | Spider:1 | HP: 69/188 [poisoned by a redback]
 36813 | Spider:1 | HP: 67/188 [poisoned by a redback]
 36818 | Spider:1 | HP: 65/188 [poisoned by a redback]
 36823 | Spider:1 | HP: 65/188 [poisoned by a redback]
 36829 | Spider:1 | HP: 66/188 [poisoned by a redback]
 36836 | Spider:1 | HP: 67/188 [poisoned by a redback]
 37504 | Spider:2 | Reached skill level 19 in Fighting
 38243 | Spider:2 | Reached XP level 17. HP: 149/198 MP: 11/24
 38885 | Spider:2 | HP: 96/198 [tarantella (6)]
 38890 | Spider:2 | HP: 63/198 [poisoned by a wolf spider]
 38895 | Spider:2 | HP: 43/198 [poisoned by a wolf spider]
 38900 | Spider:2 | HP: 40/198 [poisoned by a wolf spider]
 38905 | Spider:2 | HP: 38/198 [poisoned by a wolf spider]
 38910 | Spider:2 | HP: 37/198 [poisoned by a wolf spider]
 38915 | Spider:2 | HP: 38/198 [poisoned by a wolf spider]
 38922 | Spider:2 | HP: 39/198 [poisoned by a wolf spider]
 38930 | Spider:2 | HP: 40/198 [poisoned by a wolf spider]
 39752 | Spider:2 | Noticed Louise
 39769 | Spider:2 | Killed Louise
 40665 | Spider:3 | Noticed tidbits's ghost (adept HEWn)
 40700 | Spider:3 | HP: 98/198 [tidbits's ghost (4)]
 40705 | Spider:3 | HP: 126/297 [poisoned by tidbits's ghost]
 40710 | Spider:3 | HP: 111/297 [poisoned by tidbits's ghost]
 40715 | Spider:3 | HP: 93/297 [poisoned by tidbits's ghost]
 40720 | Spider:3 | Killed tidbits's ghost
 40720 | Spider:3 | Received a gift from Okawaru
 40720 | Spider:3 | HP: 76/297 [poisoned by tidbits's ghost]
 40725 | Spider:3 | HP: 43/198 [poisoned by tidbits's ghost]
 40725 | Spider:3 | HP: 21/198 [entropy weaver (7)]
 41211 | Spider:3 | HP: 92/198 [jumping spider (13)]
 41217 | Spider:3 | HP: 80/198 [jumping spider (14)]
 41468 | Spider:3 | HP: 99/198 [jumping spider (2)]
 42309 | Spider:3 | HP: 100/200 [wolf spider (1)]
 42314 | Spider:3 | HP: 91/200 [wolf spider (7)]
 42320 | Spider:3 | HP: 72/200 [poisoned by a wolf spider]
 42326 | Spider:3 | HP: 55/200 [poisoned by a wolf spider]
 42333 | Spider:3 | HP: 56/200 [poisoned by a wolf spider]
 42341 | Spider:3 | HP: 57/200 [poisoned by a wolf spider]
 42476 | Spider:3 | HP: 100/200 [redback (7)]
 42775 | Spider:3 | Received a gift from Okawaru
 42913 | Spider:3 | Got a twitching pewter ring
 42914 | Spider:3 | Identified the ring "Eskucid" {*Tele MR+} (You found it on level 3 of the Spider Nest)
 43068 | Spider:4 | Entered Level 4 of the Spider Nest
 43644 | Spider:3 | Received a gift from Okawaru
 43657 | Spider:3 | Cast into level 4 of the Abyss (a distortion unwield)
 43697 | Abyss:4  | HP: 94/201 [spatial maelstrom (10)]
 43703 | Abyss:4  | HP: 74/160 [green draconian/blast of poison (1)]
 43706 | Spider:3 | Escaped the Abyss
 43709 | Spider:3 | HP: 59/160 [ancient zyme (7)]
 44240 | Spider:3 | HP: 70/160 [entropy weaver (12)]
 44242 | Spider:3 | HP: 30/160 [entropy weaver (12)]
 44537 | Spider:3 | HP: 78/160 [redback (8)]
 44937 | Spider:3 | HP: 97/201 [wolf spider (4)]
 44949 | Spider:3 | HP: 93/201 [demonic crawler (1)]
 44951 | Spider:3 | Reached skill level 20 in Fighting
 45623 | Spider:3 | HP: 95/201 [wolf spider (6)]
 46205 | Spider:4 | HP: 86/201 [wolf spider (15)]
 46210 | Spider:4 | HP: 60/201 [poisoned by a redback]
 46215 | Spider:4 | HP: 32/201 [poisoned by a redback]
 46222 | Spider:4 | Noticed Arachne
 46658 | Spider:4 | Received a gift from Okawaru
 46698 | Spider:4 | HP: 101/202 [jumping spider (3)]
 46704 | Spider:4 | HP: 77/202 [wolf spider (1)]
 46905 | Spider:4 | HP: 79/202 [disintegration (29)]
 47526 | Spider:4 | Killed Arachne
 47779 | Spider:4 | Reached XP level 18. HP: 213/213 MP: 25/25
 47811 | Spider:4 | HP: 106/213 [redback (7)]
 47816 | Spider:4 | HP: 59/213 [poisoned by a redback]
 47821 | Spider:4 | HP: 33/213 [poisoned by a redback]
 47826 | Spider:4 | HP: 26/213 [poisoned by a redback]
 47831 | Spider:4 | HP: 19/213 [poisoned by a redback]
 47835 | Spider:4 | Received a gift from Okawaru
 47836 | Spider:4 | HP: 17/213 [poisoned by a redback]
 47840 | Spider:4 | HP: 5/213 [redback (7)]
 47844 | Spider:4 | HP: 1/213 [poisoned by a redback]
 47845 | Spider:4 | Succumbed to a redback's poison

Skill      XL: |  1  2  3  4  5  6  7  8  9 10 11 12 13 14 15 16 17 |
---------------+----------------------------------------------------+-----
Fighting       | 3 4 5 6 7 8 9 10 11 12 13 15 17 19 20 | 20.6
Maces & Flails | 5 6 7 8 9 11 12 14 16 17 | 17.5
Throwing       | 3 4 5 6 7 8 9 10 11 12 14 | 14.1
Invocations    | 1 2 4 5 6 8 9 |  9.9
Dodging        | 3 4 5 6 7 |  7.8
Armour         | 2 4 6 7 |  7.8
Shields        | 7 9 10 | 10.0
Stealth        | 1 |  1.0
Evocations     | 2 3 |  3.0

Action                   |  1- 3 |  4- 6 |  7- 9 | 10-12 | 13-15 | 16-18 || total
-------------------------+-------+-------+-------+-------+-------+-------++-------
Melee: Flail             |    19 |       |       |   262 |   729 |   344 ||  1354
       Whip              |    80 |   192 |   225 |       |       |       ||   497
       Giant spiked club |       |       |   212 |   303 |    12 |       ||   527
       Giant club        |       |       |       |    15 |       |       ||    15
       War axe           |       |       |       |    13 |    22 |       ||    35
       Morningstar       |       |       |       |       |  1025 |  1077 ||  2102
       Punch             |       |       |       |       |       |     1 ||     1
       Eveningstar       |       |       |       |       |       |     1 ||     1
Throw: Throwing net      |     3 |     1 |       |       |       |       ||     4
       Large rock        |       |       |     2 |    13 |    17 |   105 ||   137
 Cast: Swiftness         |       |       |       |       |     1 |       ||     1
Invok: Heroism           |       |       |     2 |    10 |    13 |     8 ||    33
       Finesse           |       |       |       |     1 |     1 |       ||     2
 Abil: Evoke Berserk Rag |       |       |       |       |       |     1 ||     1
Evoke: Wand              |       |       |       |       |       |     1 ||     1
  Use: Scroll            |       |    11 |    11 |    11 |    14 |    15 ||    62
       Potion            |       |     1 |       |     2 |     1 |     6 ||    10
 Stab: Sleeping          |     3 |     1 |     3 |     1 |     5 |     4 ||    17
       Held in net/web   |       |     1 |       |       |       |       ||     1
       Confused          |       |       |       |       |       |     1 ||     1
  Eat: Chunk             |     2 |     8 |    14 |    29 |    47 |    35 ||   135
       Bread ration      |       |       |     1 |       |       |       ||     1
       Fruit             |       |       |       |     3 |       |    11 ||    14
       Beef jerky        |       |       |       |       |     1 |     4 ||     5
       Pizza             |       |       |       |       |       |     1 ||     1
Armor: Robe              |    38 |    51 |   113 |    84 |    52 |       ||   338
       Troll leather arm |       |       |       |   130 |    29 |       ||   159
       Quicksilver drago |       |       |       |       |   362 |  1152 ||  1514
Dodge: Dodged            |    39 |    81 |   189 |   348 |   447 |   688 ||  1792
Block: Shield            |       |       |       |       |  1419 |  1176 ||  2595
       Reflection        |       |       |       |       |    48 |    10 ||    58
       Other             |       |       |       |       |       |    76 ||    76
